Map: Ruins of Endion

Players

TomikuS

  • Race: Zerg Zerg
  • League: Master

Miszu - Winner!

  • Race: Terran Terran
  • League: Master

VOD

Have the link to the VOD?

Description

Time

  • Played on: March 30, 2016, 2:40 p.m.
  • Length: 10:18
Show
View Real Time Build Order
Export as new Build Order

TomikuS Zerg 

Build Orders: Hatch First, Muta Ling Bane 

Get SALT Encoding   

  12  0:01  Drone  
  13  0:12  Overlord  
  13  0:17  Drone  
  14  0:31  Drone x2  
  14  0:34  Drone  
  17  0:53  Hatchery  
  17  0:55  Drone  
  17  0:59  Drone  
  18  1:06  Drone  
  19  1:15  Spawning Pool  
  18  1:20  Extractor, Drone  
  18  1:28  Drone  
  19  1:38  Overlord  
  19  2:03  Zergling x4  
  19  2:05  Queen x2  
  19  2:06  Zergling x2  
  26  2:15  Drone  
  27  2:16  Drone  
  27  2:20  Metabolic Boost  
  28  2:27  Drone x2  
  30  2:40  Queen  
  30  2:41  Queen  
  34  2:55  Overlord, Drone  
  34  2:56  Drone  
  34  3:07  Hatchery  
  34  3:08  Zergling x4  
  39  3:20  Drone x5  
  40  3:27  Overlord  
  40  3:33  Overlord  
  40  3:34  Drone x2  
  42  3:42  Overlord  
  41  3:53  Zergling x2  
  41  3:54  Zergling x4  
  44  3:59  Extractor  
  43  4:04  Drone x6  
  43  4:08  Evolution Chamber  
  43  4:09  Evolution Chamber  
  47  4:26  Drone x4  
  47  4:29  Drone x2  
  47  4:30  Drone  
  54  4:37  Drone x4  
  54  4:38  Drone x2  
  60  4:45  Zerg Ground Armor Level 1  
  60  4:46  Zerg Melee Weapons Level 1  
  60  4:59  Zergling x8  
  64  5:00  Overlord  
  59  5:07  Zergling x2  
  59  5:08  Zergling x2  
  59  5:10  Lair  
  57  5:30  Drone x11  
  65  5:39  Extractor  
  65  5:40  Drone x2  
  65  5:41  Extractor  
  65  5:42  Drone x6  
  71  5:43  Overlord x2  
  71  5:50  Extractor  
  71  5:52  Extractor, Drone x3  
  72  5:59  Overlord x2  
  72  6:10  Spire  
  71  6:12  Baneling Nest  
  71  6:15  Drone x2  
  71  6:16  Drone x4  
  71  6:18  Overlord  
  76  6:19  Drone x2  
  76  6:20  Zergling x12  
  84  6:37  Overseer  
  84  6:48  Zerg Ground Armor Level 2, Zerg Melee Weapons Level 2  
  84  6:49  Zergling x18  
  84  6:50  Zergling x2  
  94  6:55  Zergling x8  
  94  6:57  Overseer  
  94  7:00  Hatchery  
  97  7:07  Baneling x3  
  97  7:08  Centrifical Hooks, Baneling x2  
  87  7:27  Zergling x2  
  87  7:28  Zergling x28  
  88  7:48  Mutalisk x2  
  88  7:49  Mutalisk x7  
  107  7:54  Overlord x3  
  104  8:05  Overlord  
  104  8:07  Mutalisk  
  104  8:09  Overlord x2  
  104  8:11  Baneling  
  104  8:12  Baneling x10  
  104  8:16  Zergling x2  
  104  8:17  Zergling x20  
  115  8:23  Queen x2  
  115  8:24  Zergling x4  
  121  8:28  Baneling x3  
  121  8:34  Zergling x2  
  121  8:35  Zergling x4  
  121  8:41  Zergling x2  
  111  8:42  Zergling x6, Baneling  
  111  8:43  Baneling x4  
  97  8:56  Mutalisk  
  97  8:57  Mutalisk x5  
  102  9:13  Mutalisk x2  
  102  9:14  Zergling x2  
  102  9:15  Zergling x14  
  111  9:20  Baneling x3  
  111  9:21  Baneling x2  
Show
View Real Time Build Order
Export as new Build Order

Miszu Terran - Winner!

Build Orders: MMM Bio 

Get SALT Encoding   

  12  0:01  SCV  
  13  0:14  SCV  
  14  0:18  Supply Depot  
  14  0:26  SCV  
  15  0:39  SCV  
  15  0:42  Barracks  
  16  0:46  Refinery  
  16  0:51  SCV  
  17  1:03  SCV  
  18  1:16  SCV  
  19  1:30  Barracks Reactor  
  19  1:32  Orbital Command  
  19  1:40  Command Center  
  19  1:48  Supply Depot  
  19  1:58  SCV  
  20  2:07  Reaper x2  
  22  2:10  SCV  
  23  2:22  SCV  
  24  2:28  Command Center  
  24  2:34  SCV  
  25  2:43  Reaper x2  
  27  2:46  SCV  
  28  2:52  Orbital Command  
  28  2:58  Refinery  
  28  2:59  SCV  
  29  3:11  SCV  
  30  3:14  Barracks  
  30  3:18  Barracks  
  30  3:20  SCV  
  30  3:22  Reaper x2  
  30  3:23  SCV  
  34  3:33  SCV  
  35  3:35  SCV  
  36  3:42  SCV  
  36  3:45  SCV  
  36  3:47  SCV  
  39  3:55  Orbital Command  
  39  3:57  SCV  
  39  3:58  Marine x2  
  39  3:59  SCV  
  39  4:01  Factory  
  39  4:02  Refinery  
  43  4:03  Refinery  
  43  4:07  Supply Depot, Barracks Tech Lab  
  43  4:09  SCV  
  44  4:11  SCV  
  44  4:12  Barracks Tech Lab  
  44  4:16  Marine x2  
  47  4:21  SCV  
  47  4:23  SCV  
  49  4:24  SCV  
  49  4:27  Marine  
  51  4:31  Stimpack  
  51  4:33  SCV  
  51  4:34  Marine  
  51  4:35  SCV  
  51  4:36  SCV  
  55  4:39  Engineering Bay  
  55  4:40  Engineering Bay  
  55  4:45  SCV  
  56  4:47  SCV  
  56  4:48  Supply Depot, SCV  
  56  4:49  Starport  
  56  4:50  Factory Reactor  
  58  4:54  Marine x2  
  58  4:55  Marine  
  58  4:56  Marine  
  58  4:58  SCV  
  63  5:09  SCV x2  
  63  5:10  Terran Infantry Weapons Level 1, SCV  
  63  5:11  Terran Infantry Armor Level 1  
  63  5:12  Marine x2  
  63  5:13  Marine  
  65  5:28  Marine  
  65  5:29  Marine  
  65  5:30  Marine  
  65  5:31  Marine, SCV  
  68  5:37  SCV  
  68  5:38  Barracks  
  68  5:39  Factory Reactor  
  68  5:40  Supply Depot, Barracks  
  69  5:43  SCV  
  69  5:44  Medivac x2  
  69  5:46  Marine  
  69  5:47  Marine  
  69  5:48  Marine  
  77  5:58  Supply Depot, Orbital Command  
  77  6:00  Supply Depot  
  77  6:02  Marine, SCV x2  
  80  6:05  Marine x2  
  82  6:14  Supply Depot, SCV x2  
  84  6:19  Armory  
  84  6:20  Marauder x2, Widow Mine  
  84  6:24  Supply Depot, Marine x2  
  92  6:25  Combat Shields  
  92  6:26  SCV x2  
  92  6:28  Barracks Reactor  
  92  6:30  Barracks Reactor  
  92  6:32  SCV  
  95  6:38  SCV  
  96  6:40  SCV  
  96  6:44  Supply Depot, SCV  
  96  6:46  Supply Depot  
  98  6:48  Widow Mine  
  98  6:49  Marine, Widow Mine  
  98  6:50  SCV  
  98  6:52  SCV  
  105  6:57  Marine x2  
  107  7:06  Marine x3, Marauder  
  114  7:10  Terran Infantry Weapons Level 2  
  114  7:11  Terran Infantry Armor Level 2, Refinery x2  
  114  7:14  Supply Depot  
  113  7:16  Marauder  
  113  7:17  Marine  
  113  7:18  Marine  
  113  7:19  Medivac  
  115  7:24  Marine x4, Widow Mine  
  115  7:27  Marine  
  115  7:29  Medivac, Widow Mine  
  119  7:35  Marine  
  119  7:36  Marine x2  
  119  7:41  Marine  
  119  7:42  Marine x3  
  123  7:45  Marauder  
  125  7:53  Marine  
  125  7:54  Marine x2  
  127  7:59  Marine  
  127  8:00  Marine x3  
  127  8:03  Medivac, Widow Mine x2  
  127  8:04  Medivac  
  139  8:06  Marauder  
  141  8:21  Command Center  
  141  8:22  Marine x6  
  141  8:23  Supply Depot, Marauder  
  141  8:25  Supply Depot  
  141  8:26  Supply Depot  
  149  8:27  Supply Depot, Missile Turret  
  149  8:28  Marauder  
  150  8:40  Marine x5  
  142  8:43  Marine  
  142  8:44  Marauder  
  143  8:49  Marauder  
  136  8:58  Marine x5  
  136  9:01  Marine  
  142  9:06  Marauder  
  140  9:11  Marauder  
  140  9:12  Widow Mine  
  140  9:13  Widow Mine  
  140  9:14  Medivac x2  
  140  9:16  Marine x5  
  153  9:18  Marine  
  153  9:19  Missile Turret x2  
  154  9:27  Marauder  
  154  9:32  Marauder  
  154  9:34  Marine x3  
  154  9:35  Marine  
  153  9:40  Widow Mine  
  153  9:42  Widow Mine  
  153  9:44  SCV  
  153  9:48  Marauder  
Tags
 
Add a new tag
Caveats
  • Supply blocks, unpowered buildings, or Contaminate may cause inaccurate times.
  • Supply counts are checked every 10 seconds.